 Dungeon Crawl Stone Soup version 0.30.0 (webtiles) character file.

Game seed: 3398581536737012462

792 Ayyar the Covered (level 7, -9/56 HPs)
             Began as a Minotaur Fighter on Sept 22, 2023.
             Was a Follower of Hepliaklqana.
             Mangled by an ogre
             ... wielding a +0 giant spiked club
              (25 damage)
             ... on level 5 of the Dungeon.
             The game lasted 00:11:08 (3225 turns).

Ayyar the Covered (Minotaur Fighter)                Turns: 3225, Time: 00:11:09

Health: -9/56      AC: 13    Str: 23    XL:     7   Next: 57%
Magic:  6/6        EV:  9    Int:  5    God:    Hepliaklqana [*.....]
Gold:   183        SH:  6    Dex: 15    Spells: 6/6 levels left

rFire   . . .        g - +1 long sword (holy)
rCold   . . .        c - +0 buckler
rNeg    . . .        b - +0 scale mail
rPois   .            (helmet restricted)
rElec   .            n - +2 cloak
rCorr   .            (no gloves)
SInv    .            k - +1 pair of boots
Will    .....        (no amulet) Stlth
                     A - +6 ring of dexterity
HPRegen 0.29/turn    (no ring)
MPRegen 0.10/turn

%: no passive effects
@: studying Unarmed Combat
A: reduced essence, horns 2, retaliatory headbutt
a: Renounce Religion, Recall Ancestor, Ancestor Identity


You were on level 5 of the Dungeon.
You worshipped Hepliaklqana.
Hepliaklqana was aware of your devotion.
You visited 1 branch of the dungeon, and saw 5 of its levels.

You collected 219 gold pieces.
You spent 36 gold pieces at shops.

Inventory:

Hand Weapons
 a - a +0 long sword
 g - a +1 long sword of holy wrath (weapon)
Missiles
 s - 5 poisoned darts (quivered)
 t - 6 boomerangs
 y - 2 silver javelins
Armour
 b - a +0 scale mail (worn)
 c - a +0 buckler (worn)
 k - a +1 pair of boots (worn)
 n - a +2 cloak (worn)
 C - a +0 cloak of stealth
Jewellery
 A - a +6 ring of dexterity (left hand)
Scrolls
 h - a scroll of blinking {unknown}
 i - a scroll of teleportation {unknown}
 j - 3 scrolls of magic mapping {unknown}
 l - 2 scrolls of fog {unknown}
 m - a scroll of brand weapon {unknown}
 p - 3 scrolls of identify {unknown}
 v - a scroll of fear {unknown}
 x - a scroll of noise {unknown}
 D - a scroll of vulnerability {unknown}
Potions
 d - 2 potions of might
 e - 4 potions of flight {unknown}
 f - 2 potions of mutation {unknown}
 o - a potion of cancellation {unknown}
 q - a potion of haste {unknown}
 r - a potion of heal wounds {unknown}
 u - 2 potions of curing
 w - a potion of magic {unknown}
 z - 2 potions of brilliance {unknown}
 B - 2 potions of attraction {unknown}


   Skills:
 + Level 6.2 Fighting
 + Level 5.6 Long Blades
 + Level 6.2 Armour
 + Level 6.2 Shields


You had 6 spell levels left.
You didn't know any spells.
Your spell library contained the following spells:

 Spells                   Type           Power      Damage    Failure   Level
 Blink                    Tloc           0%         N/A       92%         2
 Lesser Beckoning         Tloc           0%         N/A       92%         2
 Momentum Strike          Conj/Tloc      0%         3d8       92%         2
 Summon Guardian Golem    Hex/Summ       0%         N/A       99%         3
 Summon Forest            Summ/Tloc      0%         N/A       100%        5


Dungeon Overview and Level Annotations

Branches:
Dungeon (5/15)
 Temple: D:4-7

Altars:
Dithmenos
Hepliaklqana

Shops:
D:3 [   D:4 *   D:5 *

Annotations:
D:4 3 runed translucent doors, BigFatTexta's ghost, amateur GrFi; ozjimbob's ghost, amateur HuMo; samcosmo's ghost, amateur DEFE


Innate Abilities, Weirdness & Mutations

Your life essence is reduced to manifest your ancestor. (-10% HP)
You have a pair of horns on your head.
You reflexively headbutt those who attack you in melee.


Message History

u - 2 potions of curing (gained 1)
You pick up a book of Spatial Translocations and begin reading...
You add the spells Blink and Lesser Beckoning to your library.
An iguana and an ogre come into view.
Found a robe and 13 gold pieces.
The iguana hisses angrily.
The ogre shouts!
Found a leather armour.
A white imp comes into view.
Found Nibaosk's Elemental Accessories.
The iguana barely misses you.
You hit the iguana.
The iguana is moderately wounded.
You block the iguana's attack.
You closely miss the iguana.
The iguana is moderately wounded.
Xochitl hits the iguana.
The ogre hits you with a +0 giant spiked club!
The white imp sputters.
You block the iguana's attack.
Xochitl hits the iguana but does no damage.
You hit the iguana but do no damage. You headbutt the iguana.
The iguana is heavily wounded.
The iguana hisses menacingly.
The iguana barely misses you.
Xochitl barely misses the iguana.
The ogre hits you with a +0 giant spiked club!!
You hit the iguana but do no damage.
The iguana is heavily wounded.
The iguana bites you but does no damage.
Xochitl hits the iguana but does no damage.
You hit the iguana.
You headbutt the iguana, but do no damage.
The iguana is almost dead.
The ogre hits you with a +0 giant spiked club!
* * * LOW HITPOINT WARNING * * *
The iguana closely misses you. You furiously retaliate!
You headbutt the iguana!
You kill the iguana!
Xochitl barely misses the white imp.
The ogre attacks as you move away!
The ogre hits you with a +0 giant spiked club!!
You die...

##..###..##.......#
# ....##..##.......
.#. #...#...#.##...
....#..............
....###..##.#.#.#.#
.[....##.##.#.#
..........#.# #
......5R##..#
......†@....#
....#.O..........
......$..........
#[#.##..........#
.....#.....#.....#
...≈ ##...##..#..#
... ..... ..#..#
.∩. #.##... $#


You could see the friendly Xochitl the ancestor, an ogre and a white imp (ally
target).

Vanquished Creatures
  Grinder (D:4)
  Menkaure (D:4)
  2 phantoms (D:4)
  A bullfrog (D:4)
  A gnoll bouda (D:4)
  Crazy Yiuf (D:4)
  2 iguanas
  2 hound zombies (D:3)
  A gnoll (D:1)
  3 adders (D:2)
  5 worms
  3 dart slugs
  7 orcs
  7 ball pythons
  4 bats
  7 endoplasms
  3 giant cockroaches
  10 goblins
  3 hobgoblins
  5 quokkas
  5 frilled lizards
  2 kobolds (D:1)
  6 rats
82 creatures vanquished.

Vanquished Creatures (others)
  4 toadstools (D:1)
  2 withered plants (D:3)
6 creatures vanquished.

Grand Total: 88 creatures vanquished

Notes
Turn   | Place    | Note
-------+----------+-------------------------------------------
     0 | D:1      | Ayyar the Minotaur Fighter began the quest for the Orb.
     0 | D:1      | Reached XP level 1. HP: 19/19 MP: 0/0
    71 | D:1      | Reached XP level 2. HP: 12/27 MP: 1/1
   431 | D:1      | Reached XP level 3. HP: 33/33 MP: 2/2
   619 | D:2      | Found a faded altar of an unknown god.
   783 | D:2      | Got Gitelev's Collected Works on Correspondence and the
                  | Jinx
   986 | D:2      | Reached XP level 4. HP: 40/40 MP: 3/3
  1264 | D:3      | Found a shadowy altar of Dithmenos.
  1548 | D:3      | Found Defah's Armour Emporium.
  1631 | D:3      | Reached XP level 5. HP: 47/47 MP: 4/4
  1951 | D:3      | Found a faded altar of an unknown god.
  1951 | D:3      | Found a faded altar of an unknown god.
  1951 | D:3      | Found a hazy altar of Hepliaklqana.
  1960 | D:3      | Became a worshipper of Hepliaklqana the Forgotten
  2241 | D:4      | Noticed a phantom
  2251 | D:4      | Killed a phantom
  2252 | D:4      | Reached skill level 5 in Armour
  2252 | D:4      | Reached skill level 5 in Shields
  2268 | D:4      | Found Coaduwy's Assorted Antiques.
  2276 | D:4      | Bought a yellow potion for 18 gold pieces
  2276 | D:4      | Bought a yellow potion for 18 gold pieces
  2285 | D:4      | Reached skill level 5 in Fighting
  2319 | D:4      | Found a runed translucent door.
  2320 | D:4      | Noticed Crazy Yiuf
  2366 | D:4      | Noticed Grinder
  2382 | D:4      | Paralysed by Grinder for 2 turns
  2399 | D:4      | Killed Grinder
  2400 | D:4      | Reached XP level 6. HP: 34/56 MP: 5/5
  2676 | D:4      | Noticed Menkaure
  2693 | D:4      | Killed Menkaure
  2694 | D:4      | Reached skill level 5 in Long Blades
  2694 | D:4      | Reached XP level 7. HP: 59/62 MP: 6/6
  2726 | D:4      | Reached * piety under Hepliaklqana
  2739 | D:4      | Found a runed translucent gate.
  2739 | D:4      | Found a runed translucent gate.
  2741 | D:4      | Identified the +1 robe of Emusofrie {Will+ MP+9 Str-5
                  | Stlth+}
  2894 | D:4      | Found a runed translucent gate.
  2895 | D:4      | Noticed BigFatTexta's ghost (amateur GrFi)
  2896 | D:4      | Noticed ozjimbob's ghost (amateur HuMo)
  2896 | D:4      | Noticed samcosmo's ghost (amateur DEFE)
  3093 | D:4      | Killed Crazy Yiuf
  3182 | D:5      | Entered Level 5 of the Dungeon
  3219 | D:5      | Found Nibaosk's Elemental Accessories.
  3225 | D:5      | Mangled by an ogre

Illustrated notes

Levels and vault maps discovered:
D:1:      ldierk_walled_garden_2, layout_basic, minmay_circled_x
D:2:      layout_loops_ring, basic_ecumenical_altar, grunt_ministairs_10
D:3:      layout_loops_corners, nicolae_dithmenos_the_darkroom,
          nicolae_hepliaklqana_ecumenical_no_more, serial_shops, shop,
          serial_undead, serial_undead_d, serial_undead_b, serial_undead_e,
          serial_undead_c, hex_large
D:4:      layout_gridville, gammafunk_ghost_cemetery, serial_shops, shop,
          minmay_manual_mess, uniq_crazy_yiuf_cottage, uniq_menkaure,
          uniq_grinder
D:5:      layout_cave_pools, nicolae_elemental_shop, minmay_misc_feat_rows,
          nicolae_elevator_lobby_plus, uniq_edmund

Skill      XL: |  1  2  3  4  5  6  7 |
---------------+----------------------+-----
Armour         | 4 5 6 |  6.2
Fighting       | 4 5 6 |  6.2
Long Blades    | 3 4 5 |  5.6
Shields        | 4 5 6 |  6.2

Action                     |  1- 3 |  4- 6 |  7- 9 || total
---------------------------+-------+-------+-------++-------
  Melee: Long sword        |    88 |    93 |    33 ||   214
         Headbutt          |    17 |    15 |     6 ||    38
  Throw: Dart              |       |     2 |       ||     2
    Use: Potion            |       |     2 |       ||     2
 Armour: Scale mail        |    46 |    40 |     9 ||    95
  Dodge: Dodged            |    40 |    34 |     8 ||    82
  Block: Buckler           |    22 |    12 |    16 ||    50
